AoeStats
← IGI.The_Jenk

Fortress

510325774Analyzed
1v1 RM · 23h ago on Sep 30, 2026· 24m 28s· 2 players
Game mode
Random Map
Map size
Small (3 player)
Population
200
Speed
Normal
Resources
Standard
Victory
Conquest
Starting age
Dark Age
Ending age
Imperial Age
RankedLock teamsTeams togetherTeam positionsShared explorationLock speedFull tech treeHidden civsTurbo modeCheats
Victory
Defeat
🇬🇧 Turks · United Kingdom
1155
+15
🇪🇸 Berbers · Spain
1135
-15
Baco
2:07 Loom
8:33 Feudal Age
12:30 Castle Age
10:37 Double-Bit Axe
10:43 Horse Collar
12:45 Bloodlines
13:54 Light Cavalry
16:15 Bow Saw
16:08 Heavy Plow
16:10 Town Watch
18:31 Husbandry
20:52 Wheelbarrow
20:36 Scale Barding Armor
20:54 Padded Archer Armor
20:44 Fletching
21:23 Elite Skirmisher
22:26 Leather Archer Armor
22:43 Bodkin Arrow
IGI.The_Jenk
8:52 Feudal Age
10:49 Double-Bit Axe
10:48 Horse Collar
11:04 Gold Mining
13:40 Castle Age
18:02 Imperial Age
18:40 Padded Archer Armor
19:24 Bow Saw
23:51 Leather Archer Armor
25:01 Wheelbarrow
Connection lost

Rejoining the realm…

Still unreachable

The connection could not be restored.

Session expired

The server has moved on; the page needs a fresh start.